 Dungeon Crawl Stone Soup version 0.30.1-4-g462c640d31 (webtiles) character file.

Game seed: 2226570339163394454

41 croobank the Caller (level 3, -2/15 HPs)
             Began as a Felid Summoner on Sept 6, 2023.
             Killed from afar by Sigmund (17 damage)
             ... with a bolt of dispelling energy
             ... on level 2 of the Dungeon.
             The game lasted 00:11:54 (1150 turns).

croobank the Caller (Felid Summoner)                Turns: 1150, Time: 00:11:54

Health: -2/15      AC:  1    Str:  4    XL:     3   Next: 32%
Magic:  1/7        EV: 18    Int: 18    God:
Gold:   98         SH:  0    Dex: 16    Spells: 0/6 levels left
                                        Lives:  0   Deaths: 0

rFire   . . .        (weapon unavailable)
rCold   . . .        (shield unavailable)
rNeg    . . .        (body armour unavailable)
rPois   .            (helmet unavailable)
rElec   .            (cloak unavailable)
rCorr   .            (gloves unavailable)
SInv    +            (boots unavailable)
Will    .....        (no amulet)
Stlth   ++           (no ring)
HPRegen 0.22/turn    (no ring)
MPRegen 0.10/turn

%: no passive effects
@: very slightly contaminated, quick
A: very small, claws 1, fangs 3, see invisible, speed 1, shaggy fur 1, stealthy
paws, no weapons or thrown items, no armour, multi-lived
a: no special abilities


You were on level 2 of the Dungeon.
You visited 1 branch of the dungeon, and saw 2 of its levels.

You collected 98 gold pieces.

Inventory:

Scrolls
 b - 2 scrolls of identify {unknown}
 c - a scroll of poison {unknown}
 d - a scroll of teleportation {unknown}
 f - a scroll of immolation {unknown}
Potions
 a - a potion of magic
 e - a potion of degeneration {unknown}


   Skills:
 + Level 0.9 Fighting
 + Level 3.4 Dodging
 - Level 3.0 Stealth
 + Level 2.4 Spellcasting
 + Level 4.3 Summonings


You couldn't memorise any spells.
You knew the following spells:

 Your Spells              Type           Power      Damage    Failure   Level
a - Summon Small Mammal   Summ           68%        N/A       3%          1
b - Call Imp              Summ           34%        N/A       4%          2
c - Call Canine Familiar  Summ           17%        N/A       9%          3

Your spell library contained the following spells:

 Spells                   Type           Power      Damage    Failure   Level
 Beastly Appendage        Tmut           4%         N/A       17%         1
 Summon Guardian Golem    Hex/Summ       9%         N/A       22%         3
 Cigotuvi's Dreadful Rot  Necr/Pois/Air  4%         N/A       26%         2
 Wereblood                Tmut           2%         N/A       26%         2
 Ignite Poison            Fire/Tmut/Pois 2%         N/A       45%         3
 Ozocubu's Armour         Ice            2%         N/A       45%         3
 Spider Form              Tmut/Pois      2%         N/A       45%         3
 Summon Lightning Spire   Summ/Air       9%         N/A       56%         4
 Freezing Cloud           Conj/Ice/Air   1%         6-21      99%         5
 Metabolic Englaciation   Hex/Ice        1%         N/A       99%         5
 Simulacrum               Ice/Necr       1%         N/A       100%        6


Dungeon Overview and Level Annotations

Branches:
Dungeon (2/15)

Altars:

Shops:
D:2 :

Annotations:
D:2 Sigmund


Innate Abilities, Weirdness & Mutations

You have sharp claws.
You have razor-sharp teeth.
You have supernaturally acute eyesight. (SInv)
You cover ground quickly. (Speed+)
You are covered in fur. (AC +1)
Your paws help you pounce on unaware monsters.
You are incapable of wielding weapons or throwing items.
You cannot wear armour.
You gain extra lives every three experience levels.


Message History

Your bat disappears in a puff of smoke!
A frilled lizard comes into view.
Found a scroll labelled TALARU FAUR and 11 gold pieces.
A frilled lizard is nearby!
A frilled lizard is nearby!
Casting: Call Canine Familiar (extremely dangerous; 9% risk of failure)
Confirm with . or Enter, or press ? or * to list all spells.
You don't know that spell.
A frilled lizard is nearby!
Casting: Call Canine Familiar (extremely dangerous; 9% risk of failure)
Confirm with . or Enter, or press ? or * to list all spells.
Casting: Summon Small Mammal (safe; 3% risk of failure)
Confirm with . or Enter, or press ? or * to list all spells.
A tiny devil pulls itself out of the air.
Casting: Call Imp (safe; 4% risk of failure)
Confirm with . or Enter, or press ? or * to list all spells.
Your cerulean imp hits the frilled lizard from afar with a -3 spear!
The frilled lizard dies!
Your hound disappears in a puff of smoke!
Your cerulean imp disappears in a puff of smoke!
Your rat disappears in a puff of smoke!
Found a stone staircase leading up.
b - 2 scrolls labelled TALARU FAUR (gained 1)
You now have 98 gold pieces (gained 11).
f - a scroll labelled QIREFO LO TIFA Sigmund the Dreaded comes into view.
He is wielding a +0 scythe and carrying a wand of quicksilver (8).
Casting: Call Canine Familiar (extremely dangerous; 9% risk of failure)
Confirm with . or Enter, or press ? or * to list all spells.
Casting: Call Canine Familiar (extremely dangerous; 9% risk of failure)
Confirm with . or Enter, or press ? or * to list all spells.
You miscast Call Imp.
You are very lightly contaminated with residual magic.
Nothing appears to happen.
Sigmund shouts!
Casting: Call Imp (safe; 4% risk of failure)
Confirm with . or Enter, or press ? or * to list all spells.
A ball python comes into view.
Sigmund zaps a wand.
The bolt of dispelling energy hits you!
Ouch! That really hurt!
You die...

....#
.##.###############
.......#..........#
###...............#
.##.##............#
..#.##... ##......#
....#..# ##..†b...##
.......###.........#
..#.............@..#
..#.............h..#
......###..........#
.....## ##............
.###..†..............S
##
#....†...<...........
..####.............@.
### #................
...#............


You could see Sigmund (ally target), a ball python (distracted), a friendly
hound (summoned) and a friendly bat (summoned).

Vanquished Creatures
  2 ball pythons (D:1)
  A hobgoblin (D:1)
  2 quokkas
  A rat (D:1)
6 creatures vanquished.

Vanquished Creatures (collateral kills)
  2 adders (D:2)
  2 endoplasms (D:2)
  2 giant cockroaches (D:2)
  2 goblins (D:2)
  2 hobgoblins (D:1)
  2 ball pythons
  A bat (D:2)
  A frilled lizard (D:2)
  A kobold (D:1)
  A rat (D:2)
16 creatures vanquished.

Grand Total: 22 creatures vanquished

Notes
Turn   | Place    | Note
-------+----------+-------------------------------------------
     0 | D:1      | croobank the Felid Summoner began the quest for the Orb.
     0 | D:1      | Reached XP level 1. HP: 7/7 MP: 4/4
   479 | D:1      | Reached XP level 2. HP: 11/11 MP: 6/6
   482 | D:1      | Learned a level 2 spell: Call Imp
   747 | D:2      | Found Wieraf's Book Boutique.
   783 | D:2      | Identified the +1 dagger "Vushoym" {drain, rC+}
   879 | D:2      | Reached XP level 3. HP: 15/15 MP: 2/7
   883 | D:2      | Learned a level 3 spell: Call Canine Familiar
  1147 | D:2      | Noticed Sigmund
  1150 | D:2      | Killed from afar by Sigmund

Illustrated notes

Levels and vault maps discovered:
D:1:      erik_arrival_orb_chamber, layout_loops_ring
D:2:      layout_rooms, serial_shops, shop, uniq_sigmund

Skill      XL: |  1 |
---------------+----+-----
Stealth        | 3 |  3.0
Dodging        | 3 |  3.4
Fighting       | |  0.9
Spellcasting   | |  2.4
Summonings     | |  4.3

Action                     || total
---------------------------++-------
  Melee: Unarmed           ||    16
         Punch             ||     1
   Cast: Summon Small Mamm ||    23
         Call Imp          ||     5
         Call Canine Famil ||     4
   Stab: Sleeping          ||     7
 Armour: Skin              ||     1
  Dodge: Dodged            ||    15
